 Dungeon Crawl Stone Soup version 0.22-a0-160-gcc81d7a (webtiles) character file.

37 Gorice the Shield-Bearer (level 3, 0/25 HPs)
             Began as a Gnoll Wanderer on Feb 10, 2018.
             Slain by an adder (3 damage)
             ... on level 2 of the Dungeon.
             The game lasted 00:03:24 (1162 turns).

Gorice the Shield-Bearer (Gnoll Wanderer)           Turns: 1162, Time: 00:03:24

Health: 0/25       AC:  6    Str: 15    XL:     3   Next: 39%
Magic:  7/7        EV: 10    Int: 14    God:
Gold:   46         SH:  0    Dex: 14    Spells: 7/7 levels left

rFire    . . .     SeeInvis .   g - -1 trident (curse)
rCold    . . .     Gourm    .   (no shield)
rNeg     . . .     Faith    .   j - +0 scale mail
rPois    .         Spirit   .   (no helmet)
rElec    .         Reflect  .   (no cloak)
rCorr    .         Harm     .   (no gloves)
MR       .....                  (no boots)
Stlth    +.........             (no amulet)
HPRegen  0.08/turn              (no ring)
MPRegen  0.10/turn              (no ring)

@: no status effects
A: distributed training, fangs 1, strong nose
a: no special abilities


You were on level 2 of the Dungeon.
You were not hungry.

You visited 1 branch of the dungeon, and saw 2 of its levels.

You collected 46 gold pieces.

Inventory:

Hand Weapons
 b - a +0 spear
 e - a +0 mace of protection
   (You found it on level 1 of the Dungeon)
 g - a cursed -1 trident (weapon)
Missiles
 Y - 84 stones (quivered)
Armour
 d - a +0 robe
 j - a +0 scale mail (worn)
Scrolls
 k - 2 scrolls of identify
Potions
 c - 2 potions of curing
 h - a potion of mutation {!q}
 i - 2 potions of might {unknown}
 l - a potion of resistance {!q}
 m - a potion of ambrosia {unknown}
Books
 a - a book of Geomancy
Comestibles
 f - a ration
 n - a chunk of flesh


   Skills:
 + Level 0.7 Fighting
 + Level 0.7 Short Blades
 + Level 2.6 Long Blades
 + Level 0.7 Axes
 + Level 0.7 Maces & Flails
 + Level 0.7 Polearms
 + Level 0.7 Staves
 + Level 0.7 Slings
 + Level 0.7 Bows
 + Level 0.7 Crossbows
 + Level 0.7 Throwing
 + Level 0.7 Armour
 + Level 2.6 Dodging
 + Level 2.3 Stealth
 + Level 4.5 Shields
 + Level 0.7 Unarmed Combat
 + Level 2.8 Spellcasting
 + Level 0.5 Conjurations
 + Level 0.5 Hexes
 + Level 3.7 Charms
 + Level 0.5 Summonings
 + Level 0.5 Necromancy
 + Level 0.5 Translocations
 + Level 0.5 Transmutations
 + Level 0.5 Fire Magic
 + Level 0.5 Ice Magic
 + Level 0.5 Air Magic
 + Level 3.7 Earth Magic
 + Level 0.5 Poison Magic
 + Level 0.9 Invocations
 + Level 0.7 Evocations


You had 7 spell levels left.
You didn't know any spells.

Dungeon Overview and Level Annotations

Branches:
Dungeon (2/15)

Altars:


Innate Abilities, Weirdness & Mutations

Your experience applies equally to all skills.
You have very sharp teeth.
Your uncanny sense of smell can sniff out nearby items.


Message History

Damage: 2 (max 3)
You are too injured to fight recklessly!
You are too injured to fight recklessly!
You are too injured to fight recklessly!
You are too injured to fight recklessly!
Your scale mail prevents you from hitting the adder.
The adder is almost dead.
The adder bites you.
* * * LOW HITPOINT WARNING * * *
You are poisoned.
The adder poisons you! The adder barely misses you.
Damage: 1 (max 3)
You are too injured to fight recklessly!
You puncture the adder!
You kill the adder!
You feel sick.
Damage: 1 (max 3)
You see here an adder corpse.
You feel sick.
Found a scroll labeled ONYSUEKHIEZA.
Damage: 1 (max 1)
You see here an adder corpse.
You butcher the adder corpse.
n - a chunk of flesh You feel sick.
There is a fountain of sparkling water here.
Damage: 1 (max 1)
k - 2 scrolls of identify (gained 1)
You feel sick.
Damage: 1 (max 1)
A hobgoblin comes into view. It is wielding a club.
The hobgoblin shouts!
You hear an angry hiss.
You hear a shout!
An adder comes into view.
You see here a stone.
A bat comes into view.
A hobgoblin comes into view. It is wielding a club.
You feel sick.
You are no longer poisoned.
The hobgoblin shouts!
The hobgoblin moves out of view.
Damage: 1 (max 1)
The adder bites you.
* * * LOW HITPOINT WARNING * * *
The adder bites you but does no damage.
There is a stone staircase leading up here.
Damage: 2 (max 2)
The bat barely misses you. The bat hits you.
* * * LOW HITPOINT WARNING * * *
The adder bites you.
You die...

#.##.# .#... ..
..⌠.## .⌠.
....# ....
####...###...#
..##....#....#
#.# #..b....#
##.###.@g⌠.<.#
#.).##..Sg.?.#
#...#....#....#
#..##.(.## ...#
##.#....# ...
##.'.⌠.## ⌠.
##..#...# .
####...##+##
+...........


You could see an adder, 2 hobgoblins and a bat.

Vanquished Creatures
  An adder (D:2)
  2 dart slugs (D:1)
  2 leopard geckos (D:1)
  A bat (D:1)
  A giant cockroach (D:1)
  2 goblins (D:1)
  2 hobgoblins (D:1)
  A quokka (D:2)
  4 frilled lizards
  4 kobolds
  3 rats
23 creatures vanquished.

Notes
Turn   | Place    | Note
-------+----------+-------------------------------------------
     0 | D:1      | Gorice the Gnoll Wanderer began the quest for the Orb.
     0 | D:1      | Gorice set off with: a book of Geomancy, a +0 spear, a potion of curing, a +0 robe, a ration
     0 | D:1      | Reached XP level 1. HP: 13/13 MP: 4/4
   272 | D:1      | Reached XP level 2. HP: 11/19 MP: 5/5
   768 | D:1      | Reached XP level 3. HP: 23/25 MP: 7/7
  1152 | D:2      | HP: 7/25 [poisoned by an adder]
  1160 | D:2      | HP: 6/25 [poisoned by an adder]
  1162 | D:2      | Slain by an adder

Vault maps used:
D:1:      denvon_arrival_planthouse, serial_bayou_lagoon_a
D:2:      first_ration, grunt_ministairs_13, st_stairs_14, uniq_natasha

Action                   || total
-------------------------++-------
Melee: Spear             ||    75
       Bite              ||     9
       Trident           ||    21
Throw: Stone             ||     1
  Use: Scroll            ||     4
 Stab: Sleeping          ||     1
  Eat: Chunk             ||     1
Armor: Robe              ||     1
       Scale mail        ||    24
Dodge: Dodged            ||    31

Table legend:
 A = Spawn XP
 B = Non-spawn XP
 C = Spawn XP percentage of total XP
 D = Spawn monster count
 E = Non-spawn monster count
 F = Spawn count percentage of total count
 G = Total turns spent on level
                    A         B        C        D         E        F      G
               +---------+---------+-------+---------+---------+-------+---------
         Total |       0 |      53 |   0.0 |       0 |      23 |   0.0 |  1162
               +---------+---------+-------+---------+---------+-------+---------
           D:1 |       0 |      35 |   0.0 |       0 |      18 |   0.0 |  1058
           D:2 |       0 |      18 |   0.0 |       0 |       5 |   0.0 |   104
               +---------+---------+-------+---------+---------+-------+---------

Table legend:
 A = Turns spent in this place as a percentage of turns spent in the entire game.
 B = Non-inter-level travel turns spent in this place as a percentage of non-inter-level travel turns spent in the entire game.
 C = Inter-level travel turns spent in this place as a percentage of turns spent in this place.
 D = Turns resting spent in this place as a percentage of non-inter-level travel turns spent in this place.
 E = Turns spent auto-exploring this place as a percentage of non-inter-level travel turns spent in this place.
 F = Non-inter-level travel turns spent in this place divided by the number of levels of this place that you've seen.
                   A       B       C       D       E      F
               +-------+-------+-------+-------+-------+----------------------
         Total | 100.0 | 100.0 |   5.7 |  24.6 |  45.2 | 548.0
       Dungeon | 100.0 | 100.0 |   5.7 |  24.6 |  45.2 | 548.0
               +-------+-------+-------+-------+-------+----------------------

Vault maps used:
D:1:      denvon_arrival_planthouse, serial_bayou_lagoon_a
D:2:      first_ration, grunt_ministairs_13, st_stairs_14, uniq_natasha
